AoeStats
← bebebababon

Black Forest

509297404Analyzed
4v4 RM · 7d ago on Sep 26, 2026· 50m 18s· 8 players
Game mode
Random Map
Map size
Large (8 player)
Population
200
Speed
Normal
Resources
Standard
Victory
Conquest
Starting age
Dark Age
Ending age
Imperial Age
RankedLock teamsTeams togetherTeam positionsShared explorationLock speedFull tech treeHidden civsTurbo modeCheats
Victory
Defeat
🇭🇰 Celts · Hong Kong SAR China
1145
+13
🇨🇳 Saxons · China
1135
+14
🇨🇳 Persians · China
1114
+14
🇹🇼 Maya · Taiwan
1112
+15
🇷🇺 Bohemians · Russia
1170
-17
🇮🇳 Celts · India
1096
-15
🇹🇼 Persians · Taiwan
1081
-14
🇹🇼 Slavs · Taiwan
979
-10
奶粉爷
10:04 Feudal Age
14:21 Castle Age
12:45 Horse Collar
13:20 Double-Bit Axe
14:08 Gold Mining
14:48 Loom
15:22 Bow Saw
18:28 Wheelbarrow
24:06 Heavy Plow
26:02 Gold Shaft Mining
26:12 Stone Mining
26:39 Hand Cart
30:37 Imperial Age
29:21 Stone Shaft Mining
29:00 Scale Barding Armor
29:06 Forging
30:13 Chain Barding Armor
31:24 Iron Casting
32:26 Plate Barding Armor
32:29 Elite War Elephant
40:18 Blast Furnace
42:42 Scale Mail Armor
43:37 Onager
45:31 Chain Mail Armor
45:11 Pikeman
45:51 Squires
45:37 Arson
45:47 Halberdier
47:35 Plate Mail Armor
50:32 Caravan
imkl
4:42 Loom
11:35 Feudal Age
16:21 Castle Age
14:05 Horse Collar
14:13 Double-Bit Axe
16:37 Wheelbarrow
17:44 Heavy Plow
25:50 Bow Saw
26:41 Hand Cart
26:43 Stone Mining
26:53 Gold Mining
27:59 Stone Shaft Mining
29:21 Gold Shaft Mining
31:23 Forging
31:14 Scale Mail Armor
34:04 Imperial Age
33:02 Iron Casting
32:17 Fletching
32:53 Stronghold
32:28 Pikeman
34:29 Onager
35:32 Conscription
34:34 Halberdier
36:19 Blast Furnace
35:34 Chain Mail Armor
35:15 Bodkin Arrow
35:59 Furor Celtica
37:27 Chemistry
36:54 Siege Engineers
36:52 Siege Onager
39:20 Plate Mail Armor
小汽車
0:27 Loom
10:55 Feudal Age
17:14 Castle Age
15:35 Double-Bit Axe
15:46 Horse Collar
20:12 Fletching
21:15 Bodkin Arrow
25:22 Padded Archer Armor
26:15 Ballistics
31:49 Imperial Age
30:50 Heavy Plow
31:02 Bow Saw
30:47 Gold Mining
31:50 Fortified Wall
34:46 Two-Man Saw
35:04 Masonry
36:59 Conscription
37:59 Bracer
41:04 Leather Archer Armor
42:32 Chemistry
41:39 Onager
45:34 Crop Rotation
44:31 Elite Skirmisher
45:20 Thumb Ring
45:00 Treadmill Crane
45:22 Crossbowman
47:26 Hul'che Javelineers
47:23 Arbalester
49:37 Ring Archer Armor
50:36 Scale Mail Armor
50:46 Forging
wtcl
0:28 Loom
12:18 Feudal Age
13:17 Double-Bit Axe
13:46 Horse Collar
16:17 Castle Age
17:23 Bow Saw
23:28 Wheelbarrow
25:11 Hand Cart
25:09 Stone Mining
25:49 Heavy Plow
29:53 Imperial Age
27:34 Squires
27:40 Scale Mail Armor
27:36 Gold Mining
28:29 Forging
29:00 Gold Shaft Mining
29:15 Chain Mail Armor
29:09 Arson
30:07 Iron Casting
30:09 Shield Wall
31:20 Conscription
30:36 Capped Ram
31:59 Siege Ram
33:43 Two-Man Saw
33:29 Plate Mail Armor
33:31 Onager
35:18 Elite Hearth Troop
36:11 Man-at-Arms
36:36 Gambesons
37:21 Long Swordsman
38:24 Two-Handed Swordsman
39:20 Caravan
43:52 Champion
45:25 Pikeman
46:02 Halberdier
51:46 Chemistry
50:52 Siege Engineers
d55663
5:13 Loom
12:25 Feudal Age
13:24 Double-Bit Axe
14:00 Loom
15:32 Horse Collar
17:58 Castle Age
18:40 Bow Saw
25:38 Wheelbarrow
32:00 Imperial Age
30:09 Forging
30:05 Scale Barding Armor
30:16 Husbandry
33:05 Hand Cart
36:50 Gold Mining
36:26 Light Cavalry
37:21 Bloodlines
38:05 Hussar
39:23 Iron Casting
39:09 Chain Barding Armor
49:11 Plate Barding Armor
49:38 Blast Furnace
48:27 Elite War Elephant
我不知道
0:31 Loom
12:02 Feudal Age
13:10 Double-Bit Axe
20:10 Castle Age
20:34 Horse Collar
21:05 Bow Saw
20:23 Pikeman
25:08 Fortified Wall
28:41 Wheelbarrow
33:46 Imperial Age
31:26 Scale Mail Armor
32:09 Hand Cart
31:42 Town Watch
32:40 Forging
34:19 Chemistry
35:02 Conscription
34:48 Wagenburg Tactics
35:30 Halberdier
40:04 Iron Casting
39:45 Chain Mail Armor
39:05 Houfnice
44:09 Two-Man Saw
47:37 Blast Furnace
47:08 Plate Mail Armor
bebebababon
10:12 Loom
12:52 Feudal Age
19:09 Castle Age
17:01 Double-Bit Axe
17:19 Horse Collar
21:48 Bow Saw
22:34 Stone Mining
25:36 Wheelbarrow
27:46 Man-at-Arms
33:49 Imperial Age
32:32 Gold Mining
33:56 Gold Shaft Mining
32:57 Long Swordsman
34:41 Hand Cart
36:38 Forging
36:29 Scale Mail Armor
36:37 Scale Barding Armor
38:45 Iron Casting
38:11 Scale Mail Armor
41:04 Blast Furnace
40:22 Two-Handed Swordsman
--[=====>
11:37 Loom
13:48 Feudal Age
17:41 Castle Age
15:23 Horse Collar
15:32 Double-Bit Axe
21:18 Wheelbarrow
21:04 Bow Saw
30:07 Imperial Age
28:35 Hand Cart
28:44 Scale Mail Armor
28:54 Forging
30:47 Chain Mail Armor
31:07 Iron Casting
30:49 Gold Mining
31:06 Heavy Plow
30:42 Heavy Scorpion
32:36 Plate Mail Armor
31:30 Pikeman
33:55 Gold Shaft Mining
32:56 Halberdier
34:19 Ballistics
36:12 Blast Furnace
35:00 Gambesons
35:02 Arson
38:16 Onager
39:37 Furor Celtica
39:49 Conscription
42:38 Siege Onager
Connection lost

Rejoining the realm…

Still unreachable

The connection could not be restored.

Session expired

The server has moved on; the page needs a fresh start.